cohdb
Replays
Latest Replays
All Replays
Popular Replays
Top Player Replays
Match Explorer
How It Works
Community
CoH3 Stats
Reddit
Sign in to upload your games and track your stats! →
Sign in with Steam
Match 42435230
Unlisted
Match 42435230
Overview
Messages
Build Orders
End
Royal Engineer Section
Construct Section Command Post
Selects Australian Defense Battlegroup
Selects Australian Light Infantry Section
Infantry Section
Infantry Section
Vickers Machine Gun Team
Construct Platoon Command Post
Selects 2-pounder Anti-tank Gun Team
Humber Armored Car
Construct Field Infirmary
Construct Company Command Post
Matilda II Heavy Tank
Thank You Chef
Joker J. Autism Jr.
0
0
Comments
sign in to comment!
No comments posted yet!